Cogmind - Beta 12 @@@ ROGUE MODE // 2023.09.14 @ 18:56:26 Player: Trantor Result: Destroyed by YI-UF0 with YI-UF0's Doublenader Performance ------------- Evolutions (0) 0 Regions Visited (2) 400 Robots Destroyed (23) 115 Value Destroyed (570) 570 Prototype IDs (3) 60 Alien Tech Used (0) 0 Bonus (-58) -58 TOTAL SCORE: 1087 Bonus ------- Follower Combat Kills 21 Friendly Fire -79 Cogmind --------- Core Integrity 0/250 Matter 177/300 Energy 250/250 System Corruption 0% Temperature Cool (12) Movement Rolling (115) Ox1 Location -10/Mines Parts ------- > --- POWER (1) -------- Ion Engine > --- PROPULSION (2) --- Compact Wheel > --- UTILITY (2) ------ Large Storage Unit > --- WEAPON (2) ------- Rocket Launcher > --- INVENTORY (15) --- Small Storage Unit Medium Storage Unit High-capacity Storage Unit Medium Matter Pod (100) Transport Network Coupler Medium Armor Plating Small Laser Small Laser Light Assault Rifle Light Assault Rifle Rocket Launcher Rocket Launcher Rocket Launcher Rocket Launcher Mining Laser Peak State ------------ > --- POWER ------------ Ion Engine > --- PROPULSION ------- Wheel Compact Wheel > --- UTILITY ---------- Large Storage Unit Medium Armor Plating > --- WEAPON ----------- Small Laser Rocket Launcher > --- INVENTORY -------- Small Storage Unit Medium Storage Unit High-capacity Storage Unit Medium Matter Pod Transport Network Coupler Medium Armor Plating Small Laser Small Laser Light Assault Rifle Light Assault Rifle Rocket Launcher Rocket Launcher Rocket Launcher Rocket Launcher Mining Laser [Rating: 11] Favorites ----------- Power Ion Engine Engine Ion Engine Propulsion Wheel Leg Aluminum Leg Wheel Wheel Utility Medium Armor Plating Storage High-capacity Storage Unit Protection Medium Armor Plating Weapon Light Assault Rifle Energy Gun EM Pulse Gun Ballistic Gun Light Assault Rifle Launcher Rocket Launcher Build | -11 -10 -10 ------- Run | Jun Mat Min Slots Evolved . | . . . Power . | . . . Propulsion . | . . . Utility . | . . . Weapon . | . . . Parts Attached 25 | . 21 4 Power 3 | . 3 . Engine 3 | . 3 . Core . | . . . Reactor . | . . . Propulsion 7 | . 7 . Treads . | . . . Leg . | . . . Wheel 7 | . 7 . Hover . | . . . Flight . | . . . Utility 8 | . 8 . Device . | . . . Storage 4 | . 4 . Processor . | . . . Hackware . | . . . Protection 4 | . 4 . Artifact . | . . . Weapon 7 | . 3 4 Energy Gun 2 | . 1 1 Energy Cannon . | . . . Ballistic Gun 3 | . 1 2 Ballistic Cannon . | . . . Launcher 2 | . 1 1 Special Weapon . | . . . Impact Weapon . | . . . Slashing Weapon . | . . . Piercing Weapon . | . . . Special Melee Weapon . | . . . Unidentified Prototypes . | . . . Parts Lost 9 | . 6 3 Power 1 | . 1 . Propulsion 3 | . 2 1 Utility 3 | . 2 1 Weapon 2 | . 1 1 Highest Loss Streak 3 | . 2 3 To Critical Strikes . | . . . Average Slot Usage (%) 91 | . 91 97 Engine 13 | . 13 14 Leg 1 | . 2 . Wheel 24 | . 24 27 Storage 13 | . 13 14 Protection 12 | . 12 13 Energy Gun 9 | . 9 8 Ballistic Gun 13 | . 14 11 Launcher 1 | . . 7 Naked Turns . | . . . Heaviest Build 57 | 11 57 37 Greatest Support 26 | 20 26 26 Greatest Overweight (x) 5 | . 5 1 Average Overweight (x) 1 | . 1 1 Largest Inventory Capacity 25 | . 25 15 Average Capacity 17 | . 18 15 Most Carried 20 | . 20 15 Average Carried 13 | . 13 14 Final Capacity 15 | 8 15 15 Final Carried 15 | 6 14 15 Class Distribution -------------------- 100% | Mutant Dominant Class ---------------- Mutant | -10/Materials Mutant | -10/Mines Resources | -11 -10 -10 ----------- Run | Jun Mat Min Matter Collected 605 | 200 342 63 Remotely . | . . . Salvage Created 742 | . 726 16 Parts 53 | . 48 5 Haulers Intercepted 2 | . 2 . Recyclers Shooed . | . . . Parts Field Recycled . | . . . Retrieved Matter . | . . . Parts Self-Destructed . | . . . Prevented . | . . . Kills | -11 -10 -10 ------- Run | Jun Mat Min Combat Hostiles Destroyed 16 | . 13 3 Guns 8 | . 8 . AOE 8 | . 5 3 Classes Destroyed 6 | . 5 1 Worker 2 | . 2 . Builder 2 | . 2 . Hauler 2 | . 2 . Operator 1 | . 1 . Swarmer 3 | . . 3 Grunt 13 | . 13 . Best Kill Streak 5 | . 5 3 Combat Bots Only 4 | . 4 3 Max Kills in Single Turn 3 | . 3 2 Gunslinging . | . . . Exploded 2 | . 2 2 Melee . | . . . Uniques/NPCs Destroyed . | . . . Combat | -11 -10 -10 -------- Run | Jun Mat Min Damage Taken 1098 | . 721 377 Core 258 | . 93 165 Absorbed by Shields . | . . . Core Remaining (%) 100 | 100 . . Volleys Fired 94 | . 85 9 Largest 2 | . 2 2 Hottest 60 | . 60 53 Shots Fired 145 | . 132 13 Gun 133 | . 129 4 Cannon . | . . . Launcher 12 | . 3 9 Special . | . . . Kinetic 86 | . 82 4 Thermal 8 | . 8 . Explosive 12 | . 3 9 Electromagnetic 39 | . 39 . Robot Hit Streak 11 | . 11 1 Robot Miss Streak 6 | . 4 6 Penetration Max . | . . . Secondary Targets 2 | . 2 . Max Gunslinging Chain 1 | . 1 . Shots Hit Robots 88 | . 87 1 Core Hits 44 | . 39 5 Critical Kills . | . . . Critical Parts Destroyed 2 | . 2 . Critical Strikes 2 | . 2 . Destroy 2 | . 2 . Melee Attacks . | . . . Impact . | . . . Slashing . | . . . Piercing . | . . . Sneak Attacks . | . . . Combat Hostiles . | . . . Follow-up Attacks . | . . . Damage Inflicted 1508 | . 1283 225 Guns 901 | . 894 7 Cannons . | . . . Explosions 607 | . 389 218 Melee . | . . . Ramming . | . . . Kinetic 491 | . 484 7 Thermal 283 | . 283 . Explosive 366 | . 148 218 Electromagnetic 368 | . 368 . Impact . | . . . Slashing . | . . . Piercing . | . . . Highest Corruption . | . . . Average Corruption . | . . . Corruption Purged . | . . . Corruption Blocked . | . . . Overload Shots . | . . . Overflow Damage 40 | . 40 . Projectiles . | . . . Explosions 40 | . 40 . Melee . | . . . Knockbacks . | . . . Impact . | . . . Kinetic . | . . . Secondary . | . . . Self-Inflicted Damage 158 | . 73 85 Shots 4 | . 2 2 Rammed . | . . . Targets Rammed . | . . . Kicked . | . . . Crushed . | . . . Highest Temperature 117 | . 117 12 Average Temperature 36 | . 37 9 Received Heat Transfer 336 | . 336 . Siege Activations . | . . . Robots Corrupted . | . . . Combat Hostiles . | . . . Parts Fried 1 | . 1 . Impact Corruptions . | . . . Robots Melted . | . . . Combat Hostiles . | . . . Parts Melted . | . . . Heat Transferred 400 | . 400 . Parts Sabotaged . | . . . Parts Stolen . | . . . Parts Stripped . | . . . Power Chain Reactions 3 | . 3 . Missiles Intercepted . | . . . Alert | -11 -10 -10 ------- Run | Jun Mat Min Peak Influence 268 | . 268 158 Initial . | . . . Average 96 | . 97 86 Maximum Alert Level 1 | . 1 . Low Security (%) 97 | . 97 100 Level 1 2 | . 2 . Level 2 . | . . . Level 3 . | . . . Level 4 . | . . . Level 5 . | . . . High Security . | . . . Max Security . | . . . Squads Dispatched 6 | . 6 . Investigation 3 | . 3 . Extermination . | . . . Reinforcement 3 | . 3 . Assault . | . . . Garrison . | . . . Intercept . | . . . Searches Triggered . | . . . Construction Impeded . | . . . Haulers Reinforced . | . . . Active Scanning Responses . | . . . Cargo Convoy Interrupts . | . . . Stealth | -11 -10 -10 --------- Run | Jun Mat Min Distress Signals 1 | . 1 . Communications Jammed . | . . . Distress Signals . | . . . Times Spotted 40 | . 36 4 Peak Tracking Total 4 | . 4 3 Tactical Retreats 4 | . 4 . Traps | -11 -10 -10 ------- Run | Jun Mat Min Traps Triggered 6 | . 6 . Indirectly . | . . . Trap Hack Attempts . | . . . Triggered . | . . . Disarmed . | . . . Reprogrammed . | . . . Reused . | . . . Traps Extracted . | . . . Installed . | . . . Triggered . | . . . Machines | -11 -10 -10 ---------- Run | Jun Mat Min Machines Disabled 4 | . 4 . Max in Single Turn 1 | . 1 . Machines Repaired . | . . . Machines Sabotaged . | . . . Overloaded Fab Kills . | . . . Hacking | -11 -10 -10 --------- Run | Jun Mat Min Machines Accessed 5 | . 5 . Terminals 5 | . 5 . Fabricators . | . . . Repair Stations . | . . . Recycling Units . | . . . Scanalyzers . | . . . Garrison Access . | . . . Total Hacks 17 | . 17 . Successful 9 | . 9 . Failed 8 | . 8 . Catastrophic . | . . . Database Lockouts . | . . . Manual 11 | . 11 . Terminals 17 | . 17 . Fabricators . | . . . Repair Stations . | . . . Recycling Units . | . . . Scanalyzers . | . . . Garrison Access . | . . . Terminal Hacks 4 | . 4 . Robot Analysis 1 | . 1 . Prototype ID Bank 2 | . 2 . Unreport Threat 1 | . 1 . Fabricator Hacks . | . . . Repair Station Hacks . | . . . Recycling Unit Hacks . | . . . Scanalyzer . | . . . Garrison Access Hacks . | . . . Unauthorized Hacks 5 | . 5 . Terminals 5 | . 5 . Botnet 4 | . 4 . Operators 1 | . 1 . Fabricators . | . . . Repair Stations . | . . . Recycling Units . | . . . Scanalyzers . | . . . Garrison Access . | . . . Data Cores Recovered . | . . . Used . | . . . Hacking Detections 5 | . 5 . Full Trace Events 1 | . 1 . Feedback Events . | . . . Feedback Blocked . | . . . Robot Schematics Acquired . | . . . Robots Built . | . . . Authchips . | . . . Time . | . . . Total Robot Build Rating . | . . . Part Schematics Acquired . | . . . Parts Built . | . . . Authchips . | . . . Time . | . . . Total Part Build Rating . | . . . Parts Repaired . | . . . Time . | . . . Parts Recycled . | . . . Recycled Matter . | . . . Retrieved Matter . | . . . Retrieved Components . | . . . Parts Scanalyzed . | . . . Part Schematics Acquired . | . . . Parts Damaged . | . . . Bothacking | -11 -10 -10 ------------ Run | Jun Mat Min Used RIF Installer . | . . . Robots Hacked . | . . . Non-combat . | . . . Combat . | . . . Robot Hacks Applied . | . . . Relay Couplers Released . | . . . Fabnet Peak Effective % . | . . . Robots Rewired . | . . . Allies Hacked . | . . . Hacks Repelled . | . . . Allies | -11 -10 -10 -------- Run | Jun Mat Min Total Allies 3 | . . 3 Largest Group 3 | . . 3 Highest-Rated Group 40 | . . 40 Highest-Rated Ally 16 | . . 16 Total Orders . | . . . Ally Attacks 16 | . . 16 Total Damage 184 | . . 184 Kills 3 | . . 3 Allies Corrupted . | . . . Allies Melted . | . . . Intel | -11 -10 -10 ------- Run | Jun Mat Min Robot Analysis Total 1 | . 1 . Derelict Logs Recovered . | . . . Drone Launches . | . . . Drone Recoveries . | . . . Exploration | -11 -10 -10 ------------- Run | Jun Mat Min Turns Passed 1601 | . 1433 168 Spaces Moved 1135 | 1 1014 120 Core . | . . . Treads . | . . . Legs 76 | 1 75 . Wheels 1059 | . 939 120 Hover . | . . . Flight . | . . . Fastest Speed 80 | 120 80 105 Average Speed 111 | 120 112 105 Slowest Speed 155 | 120 155 105 Overloaded Moves . | . . . Propulsion Burnouts . | . . . Robots Hopped . | . . . Cave-ins Triggered . | . . . Exploration Rate (%) 41 | 2 98 25 Regions Visited 2 Branch Regions 1 Pre-discovered Areas . | . . . Known Exits Taken . | . . . Unknown Exits Taken 2 | 1 1 . Scrap Searched . | . . . Spaces Dug 15 | . . 15 Terrain Destroyed 112 | . 31 81 Melee . | . . . Projectile . | . . . AOE 112 | . 31 81 Terrain Rammed . | . . . Walls Destroyed . | . . . Machines Disabled . | . . . Actions | -11 -10 -10 --------- Run | Jun Mat Min Total 1341 | . 1192 149 Wait 40 | . 26 14 Move 1133 | . 1013 120 Hop . | . . . Pick Up 29 | . 29 . Fast Attach 11 | . 9 2 Attach 6 | . 6 . Detach . | . . . Swap 8 | . 6 2 Drop 20 | . 18 2 Fire 94 | . 85 9 Melee . | . . . Ram . | . . . Kick . | . . . Crush . | . . . Escape Stasis . | . . . Rewire . | . . . Trap . | . . . Miscellaneous . | . . . Route ------- -11/Junkyard -10/Materials (discovered 5 exits: [*Mat x3] / [*Min x2]) -10/Mines History --------- Turn | Location | Event 1 | -11/Junkyard | Discovered new exit (range 0) 1 | -11/Junkyard | Entered Materials 150 | -10/Materials | Discovered new exit (range 4) 321 | -10/Materials | Build established: Mutant 421 | -10/Materials | Discovered new exit (range 14) 491 | -10/Materials | Discovered new exit (range 8) 608 | -10/Materials | Discovered new exit (range 15) 887 | -10/Materials | Discovered new exit (range 15) 1434 | -10/Materials | Entered Mines 1443 | -10/Mines | Assisted by bots powering up and referring to "LRC-V3" 1592 | -10/Mines | Core integrity fell below 50% 1601 | -10/Mines | Core integrity fell below 20% 1602 | -10/Mines | Destroyed by YI-UF0 with YI-UF0's Doublenader Last Messages --------------- 01478_ Acquired 9 matter. 01489_ Dropped Sml. Laser. 01490_ Acquired 5 matter. 01494_ Acquired Sml. Laser. 01520_ S-10 Pest destroyed. 01533_ The unstable cave ceiling collapses. 01543_ Dropped Sml. Laser. 01544_ Acquired Lgt. Assault Rifle. 01545_ The unstable cave ceiling collapses. 01591_ Med. Armor Plating destroyed. 01591_ YI-UF0: "BWOOM!" 01591_ U-05 Engineer destroyed. 01593_ The unstable cave ceiling collapses. 01594_ YI-UF0: "BADABOOM!" 01594_ Trooper 1a destroyed. 01595_ The unstable cave ceiling collapses. 01596_ YI-UF0 mumbles something. 01598_ Wheel destroyed. 01600_ Lgt. Assault Rifle destroyed. 01601_ The unstable cave ceiling collapses. Map ----- +----------------------------------------------------+ | ?????????????????????????????????????????????????? | | ?????????????????????????????????????????????????? | | ?????????????????????????????????????????????????? | | ?????????????????????????????????????????????????? | | ?????????????????????????????????????????????????? | | ?????????????????????????????????????????????????? | | ?????????????????????????????????????????????????? | | ?????????????????????????????????????????????????? | | ?????????????????????????????????????????????????? | | ?????????????????????????????????????????????????? | | ???????????????????????????#?????????????????????? | | ?????????????????????????? ???????????????????? | | ?????????????????????????? =????????????????? | | ??????????????????????????# ??????????????? | | ?????????????????????????? ????????????? | | ?????????????????????????? ????????????? | | ?????????????????????????? g ???????????? | | ?????????????????????????? ???????????? | | ??????????????????????#### # ????????????? | | ????????????????####### #?????????????? | | ????????????????# #????????????? | | ????????????????# ###### #????????????? | | ????????????????# ##?# #????????????? | | ???????????????## ### #??? #????????????? | | ??#####????????# ##??????????????????? | | ### ########## @ #??????????????????? | | # = #?????????????????? | | # [ ###### ##### # #?????????????????? | | =[ ###### #???#### ##?????????????????? | | #??????# ##??????????????????? | | ## #### #??????### ???????????????????? | | #??# ???????? ??????????????????? | | #??###???????? ?????????????????? | | #???????????? ### ###????????????????? | | ####???????????? #???## ##??????????????????? | | # #?????????????? #?????? #???????????????????? | | ####### """ ??#??????? ???????????????????? | | """ ?????????? ???????????????????? | | # #### """ ???????????#???????????????????? | | # ## #????????????????????????????????????????? | | ####### #???????? #?????????????????????????????? | | ??????# #???????? #?????????????????????????????? | | ??????# #?#####?? #?????????????????????????????? | | ??????# ### ##? #?????????????????????????????? | | ??????# ## ## #?????????????????????????????? | | ??????# = # #?????????????????????????????? | | ??????#####%* # #?????????????????????????????? | | ??????????#==[ ## ??????????????????????????????? | | ??????????#* ### ???????????????????????????????? | | ??????????#%=#?# #???????????????????????????????? | +----------------------------------------------------+ Best States ------------- Heat Dissipation 25 Energy Generation 10 Energy Capacity 250 Matter Stores 300 Matter Capacity 300 Sight Range 16 Terrain Scan Density 10 Armor Coverage 225 Evasion (%) 55 Item Schematics ----------------- None Robot Schematics ------------------ None Fabricated ------------ Nothing Alien Tech Used ----------------- None Achievements -------------- None Challenges ------------ None Game ------ Seed RecoilAntigravLeg Manual? 0 Play Time 00:19:26 Cumulative 208.7 hours Start 2023.09.14 @ 18:39:02 End 2023.09.14 @ 18:56:26 Sessions 1 Manual Loads 0 Difficulty Rogue Special Mode None Game No. 120 Rogue 76 Adventurer 44 Explorer 0 Win Type - Total 1 Types 1/0/0/0/0/0/0/0/0 Lore% 58 Gallery% 57 Achievement% 55 Wizard Run 0 Options --------- ASCII 0 Keyboard 1 Movement Vi Keybinds 1 Fullscreen 2 Font 18/X11Bold Map View 76x50 Tactical HUD 1 Map Filters NONE Filters NONE Steam 1 RUN: 09ce20f1-6f53-458e-a079-23140561878f